 Dungeon Crawl Stone Soup version 0.20.1-1-g8b1a95d66d (webtiles) character file.

1964 NullDivider the Covert (level 9, 0/59 HPs)
             Began as an Octopode Artificer on Dec 4, 2017.
             Was a Follower of Nemelex Xobeh.
             Killed from afar by an electric eel (8 damage)
             ... with a bolt of electricity
             ... on level 6 of the Dungeon.
             The game lasted 00:33:14 (8199 turns).

NullDivider the Covert (Octopode Artificer)         Turns: 8199, Time: 00:33:15

Health: 0/59       AC:  1    Str: 11    XL:     9   Next: 19%
Magic:  4/4        EV: 16    Int: 14    God:    Nemelex Xobeh [*.....]
Gold:   249        SH:  0    Dex: 15    Spells: 8/8 levels left

rFire    . . .     SeeInvis .   D - +0 dagger (antimagic)
rCold    . . .     Gourm    .   (no shield)
rNeg     . . .     Faith    .   (helmet restricted)
rPois    .         Spirit   .   (no amulet)
rElec    .         Reflect  .   m - ring of stealth
rCorr    .         Harm     .   x - ring of stealth
MR       .....                  (no ring)
Stlth    ++++++++..             (no ring)
Regen    0.2/turn               (no ring)
MPRegen  0.1/turn               (no ring)
                                (no ring)
                                (no ring)

@: no status effects
A: almost no armour, stealthy swim, amphibious, 8 rings, constrict 8, camouflage
1, gelatinous body 1
a: Renounce Religion


You were on level 6 of the Dungeon.
You worshipped Nemelex Xobeh.
Nemelex Xobeh was aware of your devotion.
You were hungry.

You visited 2 branches of the dungeon, and saw 7 of its levels.

You collected 249 gold pieces.

Inventory:

Hand Weapons
 D - a +0 antimagic dagger (weapon)
Armour
 B - a +0 shield
Jewellery
 m - a ring of stealth (left tentacle)
 x - a ring of stealth (right tentacle)
Wands
 a - a wand of random effects (0/48)
 b - a wand of flame (0/48)
 c - a wand of enslavement (12/24)
 d - a wand of random effects (14/48)
 w - a wand of flame (3/48)
 y - a wand of random effects (16/48)
 E - a wand of flame (33/48)
Scrolls
 e - 3 scrolls of blinking
 h - 2 scrolls of teleportation
 i - 6 scrolls of amnesia
 k - 2 scrolls of identify
 q - a scroll of remove curse
 v - 2 scrolls of enchant armour
Potions
 l - a potion of haste {unknown}
 o - 2 potions of cancellation {unknown}
 s - 5 potions of curing {unknown}
 t - a potion of invisibility {unknown}
 u - a potion of lignification {unknown}
 z - a potion of mutation {unknown}
 A - a potion of degeneration {unknown}
 C - a potion of ambrosia {unknown}
Miscellaneous
 j - a plain deck of summoning
 n - a plain deck of escape
Comestibles
 f - 4 bread rations
 g - 4 meat rations
 p - 13 fruits
 r - 3 royal jellies
 F - 2 chunks of flesh


   Skills:
 + Level 4.7 Fighting
 + Level 4.7 Short Blades
 + Level 5.0 Dodging
 * Level 9.8 Stealth
 + Level 6.2 Evocations


You had 8 spell levels left.
You didn't know any spells.

Dungeon Overview and Level Annotations

Branches:
Dungeon (6/15)             Temple (1/1) D:4

Altars:
Ashenzari
Cheibriados
Dithmenos
Elyvilon
Gozag
Hepliaklqana
Nemelex Xobeh
Okawaru
Qazlal
Ru
Sif Muna
Trog
Vehumet
Zin
The Shining One
Lugonu

Shops:
D:3 *

Annotations:
D:6 endorz's ghost, novice GrEE


Innate Abilities, Weirdness & Mutations

You cannot wear most types of armour.
You are very stealthy in the water. (Stealth+)
You are amphibious.
You can wear up to eight rings at the same time.
You can use your tentacles to constrict eight enemies at once.
Your skin changes colour to match your surroundings (Stealth+).
Your rubbery body absorbs attacks. (AC +1, EV +1)


Message History

* * * LOW HITPOINT WARNING * * *
The blast of rock fragments hits Pikel.
Pikel dies!
Your Dodging skill increases to level 5!
The blast of rock fragments hits the worm.
The worm dies!
Something misses endorz's ghost.
You hear a shout! x8; You hear an angry hiss.
The freed slave barely misses the howler monkey.
The howler monkey hits the freed slave!
The freed slave dies!
You hear the brisk rusting of a very distant drain.
An ogre comes into view. It is wielding a giant spiked club.
You are no longer corroded.
An electric eel comes into view.
An electric eel comes into view.
The electric eel shoots out a bolt of lightning at you!
The bolt of electricity hits you!
You die...
Your body disappears without a glow.

#.# #.# #.# ## #.##♣♣♣♣♣#####P
## ####
##.#♣≈≈≈≈≈P≈≈♣P♣♣♣≈########...
#..≈≈P≈P≈≈♣♣♣♣≈≈PP♣♣#.....#...
#..≈≈≈≈≈≈≈≈≈PPP≈P≈≈≈♣..≈≈.....
#...............O......P≈♣#...
#..≈≈≈P≈≈≈≈≈P@≈≈≈≈≈P≈.≈≈≈≈≈...
####≈≈≈P≈≈≈≈≈P≈≈P≈≈≈≈.≈≈≈≈≈♣..
##≈P≈≈≈≈♣♣P≈≈≈≈≈P≈.≈P≈≈≈≈≈#
##≈≈PP♣###P♣♣♣;P≈.≈≈≈≈≈≈≈♣
###### ##≈♣♣♣≈≈.≈≈≈≈≈≈≈≈ #♣
♣P≈.≈≈≈≈≈PP♣ ♣≈≈.≈≈≈≈≈≈≈♣
≈≈≈.≈≈≈≈≈♣♣ ♣≈≈≈.≈≈≈≈≈♣


You could see an ogre and an electric eel.

Vanquished Creatures
  Prince Ribbit (D:5)
  Grinder (D:5)
  Edmund (D:6)
  A hornet zombie (D:6)
  An ogre (D:5)
  2 centaurs
  A big kobold (D:5)
  2 scorpions
  The ghost of tensugalgo the Slasher, a weakling DsCK of Xom (D:3)
  2 electric eels (D:6)
  2 hounds
  An orc priest (D:5)
  A bullfrog skeleton (D:4)
  A centaur skeleton (D:6)
  Ijyb (D:5)
  An iguana (D:4)
  2 orc wizards
  4 worker ants (D:4)
  A killer bee zombie (D:5)
  A mummy (D:5)
  8 gnolls
  12 adders
  6 worms
  3 dart slugs (D:1)
  4 leopard geckos
  10 orcs
  A ball python (D:4)
  10 bats
  5 giant cockroaches
  9 goblins
  8 hobgoblins
  8 jackals
  6 quokkas
  12 frilled lizards
  2 hobgoblin zombies (D:5)
  13 kobolds
  A kobold zombie (D:5)
  An orc zombie (D:5)
  4 rats
151 creatures vanquished.

Vanquished Creatures (others)
  Pikel (D:6)
  2 slaves (D:6)
  A howler monkey (D:6)
  A jelly (D:6)
  A worm (D:6)
  A goblin (D:1)
  A plant (D:6)
8 creatures vanquished.

Grand Total: 159 creatures vanquished

Notes
Turn   | Place    | Note
-------+----------+-------------------------------------------
     0 | D:1      | NullDivider the Octopode Artificer began the quest for the Orb.
     0 | D:1      | Reached XP level 1. HP: 13/13 MP: 3/3
   173 | D:1      | Reached skill level 2 in Stealth
   173 | D:1      | Reached XP level 2. HP: 18/18 MP: 4/4
   384 | D:1      | Reached XP level 3. HP: 22/23 MP: 5/5
  1630 | D:2      | Reached XP level 4. HP: 29/29 MP: 6/6
  1646 | D:1      | Reached skill level 3 in Stealth
  2346 | D:2      | Reached XP level 5. HP: 26/34 MP: 7/7
  2983 | D:2      | Found a stormy altar of Qazlal.
  3528 | D:3      | Reached skill level 4 in Stealth
  3585 | D:3      | Found a glowing silver altar of Zin.
  3586 | D:3      | Found Zin's Purification Station.
  3593 | D:3      | Noticed tensugalgo's ghost (weakling DsCK)
  3602 | D:3      | Killed tensugalgo's ghost
  4153 | D:3      | Found a faded altar of an unknown god.
  4169 | D:3      | Reached XP level 6. HP: 39/39 MP: 9/9
  4315 | D:4      | Found a radiant altar of Vehumet.
  4404 | D:4      | Reached skill level 5 in Stealth
  4423 | D:4      | Found a staircase to the Ecumenical Temple.
  4828 | Temple   | Entered the Ecumenical Temple
  4851 | Temple   | Became a worshipper of Nemelex Xobeh the Trickster
  5129 | D:4      | Found an iron altar of Okawaru.
  5158 | D:4      | Received a gift from Nemelex Xobeh
  5220 | D:4      | Reached skill level 6 in Stealth
  5281 | D:4      | Reached XP level 7. HP: 45/45 MP: 10/10
  6255 | D:5      | Entered Level 5 of the Dungeon
  6390 | D:5      | Noticed Grinder
  6391 | D:5      | Reached skill level 7 in Stealth
  6413 | D:5      | Paralysed by Grinder for 7 turns
  6424 | D:5      | Killed Grinder
  6424 | D:5      | Reached skill level 5 in Evocations
  6424 | D:5      | Reached XP level 8. HP: 43/53 MP: 11/11
  6516 | D:5      | Noticed Ijyb
  6524 | D:5      | Killed Ijyb
  6569 | D:5      | Noticed Prince Ribbit
  6579 | D:5      | Killed Prince Ribbit
  6579 | D:5      | Reached skill level 8 in Stealth
  6822 | D:5      | Reached * piety under Nemelex Xobeh
  6830 | D:5      | Found a deep blue altar of Sif Muna.
  6988 | D:5      | Found a white marble altar of Elyvilon.
  7605 | D:5      | Reached skill level 9 in Stealth
  7769 | D:6      | Found a sacrificial altar of Ru.
  7821 | D:6      | Received a gift from Nemelex Xobeh
  7884 | D:6      | Reached XP level 9. HP: 11/59 MP: 4/13
  8129 | D:6      | Found a snail-covered altar of Cheibriados.
  8142 | D:6      | Noticed Edmund
  8149 | D:6      | Killed Edmund
  8164 | D:6      | Noticed Pikel
  8173 | D:6      | Noticed endorz's ghost (novice GrEE)
  8174 | D:6      | Your ally died
  8174 | D:6      | Reached skill level 5 in Dodging
  8199 | D:6      | Killed from afar by an electric eel

Skill      XL: |  1  2  3  4  5  6  7  8  9 |
---------------+----------------------------+-----
Stealth        | 2 3 4 6 7 9 |  9.8
Short Blades   | 2 3 4 |  4.7
Fighting       | 2 3 4 |  4.7
Evocations     | 4 5 6 |  6.2
Dodging        | 3 4 5 |  5.0

Action                   |  1- 3 |  4- 6 |  7- 9 || total
-------------------------+-------+-------+-------++-------
Melee: Short sword       |    30 |       |       ||    30
       Tentacles         |    17 |    38 |    37 ||    92
       Constrict         |    31 |    39 |    27 ||    97
       Dagger            |    56 |   172 |   163 ||   391
Evoke: Wand              |       |    13 |    25 ||    38
  Use: Scroll            |     3 |     1 |     3 ||     7
 Stab: Sleeping          |     5 |    15 |    11 ||    31
       Distracted        |     1 |     1 |     1 ||     3
  Eat: Chunk             |     2 |    12 |     8 ||    22
Armor: Skin              |    20 |    10 |     5 ||    35
Dodge: Dodged            |    49 |   109 |    88 ||   246
